[Event "Titled Tuesday Blitz November 01 Late 2022"]
[White "Tokhirjonova, Gulrukhbegim"]
[Black "chess50years"]
[WhiteFideId "14203626"]
[WhiteElo "2236"]
[BlackElo "2000"]
[Result "1-0"]
[Round "01"]
[TimeControl "180+1"]
[Date "2022.11.02"]
[WhiteClock "0:02:24"]
[BlackClock "0:01:11"]

1. e4 c6 2. d4 d5 3. e5 Bf5 4. Nf3 e6 5. Be2 Ne7 6. O-O h6 7. b3 Nd7 8. Bb2 g5 9. c4 Bg7 10. Nc3 O-O 11. Ba3 Re8 12. Bd6 Bg4 13. h3 Bxf3 14. Bxf3 Nf5 15. Ba3 Nf8 16. cxd5 exd5 17. Re1 Ne6 18. Ne2 Bf8 19. Bxf8 Rxf8 20. Rc1 Kg7 21. Qd3 Nh4 22. Bg4 Ng6 23. Ng3 Ne7 24. Nh5+ Kh8 25. Nf6 1-0


[Site "https://www.chess.com"]

[Event "Titled Tuesday Blitz November 01 Late 2022"]
[White "Tomaszewski, Kacper"]
[Black "Joubert, Dantelle"]
[WhiteFideId "1127373"]
[BlackFideId "14310813"]
[WhiteElo "2211"]
[BlackElo "1507"]
[Result "1-0"]
[Round "01"]
[TimeControl "180+1"]
[Date "2022.11.02"]
[WhiteClock "0:01:25"]
[BlackClock "0:00:36"]

1. e4 e5 2. Nf3 Nc6 3. Nc3 Nf6 4. h3 Bb4 5. Nd5 Be7 6. Nxe7 Qxe7 7. d3 d5 8. exd5 Nxd5 9. Be2 O-O 10. O-O f6 11. Re1 Be6 12. d4 Rad8 13. Bc4 Nb6 14. Bxe6+ Qxe6 15. c3 Qc4 16. Be3 exd4 17. cxd4 Nd5 18. a3 Rfe8 19. Rc1 Qb5 20. Qd2 Re7 21. b4 Qa4 22. Qd3 Rde8 23. Qc4 Kh8 24. Qxd5 1-0


[Site "https://www.chess.com"]

[Event "Titled Tuesday Blitz November 01 Late 2022"]
[White "Vargas, Mauricio"]
[Black "Mortazavi, Ali"]
[WhiteFideId "4404572"]
[BlackFideId "401323"]
[WhiteElo "2025"]
[BlackElo "2339"]
[Result "0-1"]
[Round "01"]
[TimeControl "180+1"]
[Date "2022.11.02"]
[WhiteClock "0:00:12"]
[BlackClock "0:00:14"]

1. e4 c6 2. d4 d5 3. e5 Bf5 4. g4 Bd7 5. f4 h5 6. g5 c5 7. c3 cxd4 8. cxd4 Nc6 9. Bh3 Bxh3 10. Nxh3 Qc8 11. Nf2 Nxd4 12. O-O Nc6 13. Qxd5 e6 14. Qb5 a6 15. Qa4 b5 16. Qe4 Nge7 17. Be3 Nf5 18. Nc3 Be7 19. Rac1 Nxe3 20. Qxe3 O-O 21. Nce4 Qb7 22. Nf6+ Bxf6 23. gxf6 Rfd8 24. Qg3 g6 25. Qg5 Nd4 26. Ng4 hxg4 27. Qh6 Nf5 28. Qg5 Rd2 29. Qxg4 Ne3 30. Qg5 Rg2+ 31. Kh1 Rxg5+ 0-1


[Site "https://www.chess.com"]

[Event "Titled Tuesday Blitz November 01 Late 2022"]
[White "Velikanov, Alexander"]
[Black "Brown, Andrew"]
[WhiteFideId "2039290"]
[BlackFideId "3206513"]
[WhiteElo "2259"]
[BlackElo "2245"]
[Result "1-0"]
[Round "01"]
[TimeControl "180+1"]
[Date "2022.11.02"]
[WhiteClock "0:00:05"]
[BlackClock "0:00:07"]

1. e4 g6 2. d4 Bg7 3. Nf3 c6 4. Nc3 d5 5. h3 dxe4 6. Nxe4 Nf6 7. Bd3 Nxe4 8. Bxe4 Nd7 9. O-O O-O 10. c3 Nf6 11. Bc2 Be6 12. Re1 Bd5 13. Bg5 b5 14. Ne5 h6 15. Bh4 e6 16. b3 c5 17. dxc5 Qc7 18. Qe2 Qxc5 19. Bxf6 Bxf6 20. Nd7 Qxc3 21. Nxf8 Rxf8 22. Rac1 Rc8 23. Be4 Qxc1 24. Rxc1 Rxc1+ 25. Kh2 Kg7 26. Bxd5 exd5 27. Qd2 Ra1 28. Qxd5 Rxa2 29. f4 a6 30. Kg3 Rc2 31. Kf3 h5 32. g4 Rc3+ 33. Kg2 Rc2+ 34. Kg1 hxg4 35. hxg4 b4 36. Kf1 a5 37. Qxa5 Bc3 38. Qd5 Rd2 39. Qe4 Rb2 40. Qc4 Rd2 41. f5 gxf5 42. gxf5 Kf6 43. Qg4 Ke5 44. Qc4 f6 45. Qe6+ Kf4 46. Kg1 Kg4 47. Kf1 Kf4 48. Qc8 Kg5 49. Kg1 Kf4 50. Kh1 Kg5 51. Qe6 Kf4 52. Kg1 Kg3 53. Qe3+ Kg4 54. Qe4+ Kg5 55. Qf3 Bd4+ 56. Kh1 Bc3 57. Qh3 Rd1+ 58. Kg2 Rd2+ 59. Kf1 Kf4 60. Qh5 Ke5 61. Qg6 Rb2 62. Qg8 Kf4 63. Qe6 Kg5 64. Kg1 Rd2 65. Kh1 Rd1+ 66. Kg2 Rd2+ 67. Kf3 Rd3+ 68. Ke4 Rd4+ 69. Ke3 Rd1 70. Kf2 Rd2+ 71. Kf3 Rd3+ 72. Ke2 Rd2+ 73. Ke3 Rb2 74. Kd3 Rd2+ 75. Kc4 Rb2 76. Qd7 Rd2 77. Qe6 Rb2 78. Qd5 Rd2 79. Qf3 Rb2 80. Qe4 Rd2 81. Qf3 Rb2 82. Qh3 Rd2 83. Kb5 Rd4 84. Kc5 Rf4 85. Qg3+ Kxf5 86. Kd5 Be5 87. Qh3+ Kg5 88. Qg3+ Rg4 89. Qe3+ Bf4 90. Qe8 Rg3 91. Qg8+ Kf5 92. Qh7+ Kg4 93. Qg6+ Bg5 94. Kc4 f5 95. Kxb4 f4 96. Qe6+ Kf3 97. Kc4 Kf2 98. Qb6+ Kg2 99. Qc6+ f3 100. b4 Rg4+ 101. Kd3 Kg3 102. b5 f2 103. Ke2 Rf4 104. Kf1 Bh4 105. Qc3+ Rf3 106. Qc7+ Rf4 107. b6 Kf3 108. Qxf4+ Kxf4 109. b7 1-0


[Site "https://www.chess.com"]

[Event "Titled Tuesday Blitz November 01 Late 2022"]
[White "Vifleemskaia, Svetlana"]
[Black "Khripachenko, Alexander"]
[WhiteFideId "4129490"]
[BlackFideId "54184975"]
[WhiteElo "1929"]
[BlackElo "2201"]
[Result "0-1"]
[Round "01"]
[TimeControl "180+1"]
[Date "2022.11.02"]
[WhiteClock "0:01:46"]
[BlackClock "0:02:27"]

1. d4 d5 2. c4 e6 3. Nc3 Be7 4. cxd5 exd5 5. Bf4 c6 6. e3 Bf5 7. Bd3 Bxd3 8. Qxd3 Nf6 9. Nf3 O-O 10. h3 Re8 11. O-O Nbd7 12. a3 a5 13. Rab1 Bf8 14. Ne5 Nxe5 15. Bxe5 Nd7 16. Bf4 a4 17. Qc2 b5 18. Na2 Rc8 19. Rbc1 Nb6 20. Nb4 Bxb4 21. axb4 Nc4 22. b3 axb3 23. Qxb3 Nd2 24. Qd3 Nxf1 25. Rxf1 Qd7 26. g4 Ra8 27. Rc1 Ra4 28. Qc3 Rc8 29. Kg2 Qe7 30. Rb1 Qe4+ 0-1


[Site "https://www.chess.com"]

[Event "Titled Tuesday Blitz November 01 Late 2022"]
[White "Voigt, Martin"]
[Black "Al Hosani, Omran"]
[WhiteFideId "4607228"]
[BlackFideId "9308733"]
[WhiteElo "2356"]
[BlackElo "2167"]
[Result "1/2-1/2"]
[Round "01"]
[TimeControl "180+1"]
[Date "2022.11.02"]
[WhiteClock "0:00:09"]
[BlackClock "0:00:25"]

1. e4 e5 2. Nf3 Nc6 3. Nc3 Nf6 4. d4 exd4 5. Nxd4 Bb4 6. Nxc6 bxc6 7. Bd3 O-O 8. O-O d5 9. exd5 cxd5 10. Bg5 c6 11. Qf3 Bd6 12. Rae1 Rb8 13. b3 Rb4 14. h3 h6 15. Bxf6 Qxf6 16. Qxf6 gxf6 17. Ne2 Rd8 18. c3 Rb8 19. Nd4 Bd7 20. Bf5 Rbc8 21. Bxd7 Rxd7 22. g4 Be5 23. Re3 c5 24. Nf5 d4 25. cxd4 cxd4 26. Rd3 Kh7 27. Kg2 Rc2 28. a4 Rc3 29. Rfd1 Rb7 30. f4 Bxf4 31. Nxd4 Rc8 32. Kf3 Be5 33. Nf5 Rc2 34. h4 Rh2 35. h5 Rh3+ 36. Ke4 Rxb3 37. Rxh3 Rxh3 38. Rd7 Kg8 39. Nxh6+ Kf8 40. Nxf7 Bb2 41. Rxa7 f5+ 42. gxf5 Rxh5 43. a5 Rh4+ 44. Kd5 Rd4+ 45. Kc5 Rf4 46. Nd6 Bd4+ 47. Kd5 Bxa7 48. Nb5 Rxf5+ 49. Kc6 Rf7 50. Nxa7 Rxa7 51. Kb6 Rd7 52. a6 Ke7 53. a7 Rd6+ 54. Kb7 Rd7+ 55. Kb8 Kd6 56. a8=Q Rd8+ 57. Kb7 Rxa8 58. Kxa8 1/2-1/2


[Site "https://www.chess.com"]

[Event "Titled Tuesday Blitz November 01 Late 2022"]
[White "Vusatiuk, Vladimir"]
[Black "Bluebaum, Matthias"]
[WhiteFideId "14118610"]
[BlackFideId "24651516"]
[WhiteElo "2208"]
[BlackElo "2633"]
[Result "1-0"]
[Round "01"]
[TimeControl "180+1"]
[Date "2022.11.01"]
[WhiteClock "0:00:19"]
[BlackClock "0:00:10"]

1. Nf3 d5 2. c4 d4 3. b4 c5 4. e3 Nf6 5. Bb2 dxe3 6. fxe3 cxb4 7. d4 e5 8. Nxe5 Bd6 9. Bd3 Bxe5 10. dxe5 Ng4 11. Qe2 Nc6 12. O-O Qg5 13. Rf4 Ngxe5 14. Bc2 Bg4 15. Qf2 O-O 16. Nd2 Rad8 17. Ne4 Qh6 18. Rf1 Bh5 19. Rh4 Ng4 20. Qf4 Qxf4 21. Rxf4 g6 22. Rfxg4 f5 23. Rxh5 fxe4 24. Rd5 Ne7 25. Bxe4 Rc8 26. Rd7 Rfe8 27. Bf6 Kf7 28. Bxe7 Rxe7 29. Rxe7+ Kxe7 30. Bxb7 Rb8 31. Re4+ Kd6 32. Bd5 a5 33. Re6+ Kc7 34. Ra6 Re8 35. Kf2 Rf8+ 36. Ke2 Rf5 37. Rxa5 Rg5 38. Ra7+ Kb6 39. Rxh7 Ka5 40. Ra7+ Kb6 41. Rb7+ Kc5 42. Rb5+ Kd6 43. Rxb4 Rh5 44. Rb6+ Kc7 45. Rxg6 Kd8 46. a4 Ke7 47. a5 Rh8 48. a6 Kd7 49. a7 Rd8 50. a8=Q Rc8 51. Qxc8+ Ke7 52. Rg7+ Kf6 53. Qf8+ Ke5 54. Qf4# 1-0


[Site "https://www.chess.com"]

[Event "Titled Tuesday Blitz November 01 Late 2022"]
[White "Wartiovaara, Oliver"]
[Black "Weetik, Vjacheslav"]
[WhiteFideId "513024"]
[BlackFideId "4153472"]
[WhiteElo "2197"]
[BlackElo "2469"]
[Result "0-1"]
[Round "01"]
[TimeControl "180+1"]
[Date "2022.11.02"]
[WhiteClock "0:00:22"]
[BlackClock "0:00:05"]

1. c4 Nf6 2. g3 c6 3. Bg2 d5 4. Nf3 Bf5 5. Qb3 Qb6 6. d3 e6 7. Be3 Qa6 8. O-O Nbd7 9. Qc3 c5 10. Qc1 Be7 11. Bf4 O-O 12. Ne5 Rfd8 13. Nxd7 Rxd7 14. Nd2 h6 15. Nf3 Rdd8 16. Ne5 Rac8 17. b3 b5 18. Qb2 Bf8 19. Rac1 Bh7 20. Rfe1 bxc4 21. dxc4 d4 22. Rcd1 Ne4 23. Bxe4 Bxe4 24. Nd3 Ba8 25. f3 f6 26. g4 e5 27. Bg3 Qb7 28. e4 dxe3 29. Rxe3 Rd4 30. Rde1 Rcd8 31. Nf2 Rxc4 32. Qb1 Rcd4 33. Qg6 c4 34. Ne4 Qf7 35. Qxf7+ Kxf7 36. Bf2 Bxe4 37. Rxe4 Rxe4 38. Rxe4 cxb3 39. axb3 a5 40. Ra4 Bb4 41. Bb6 Rd3 42. Bxa5 Bxa5 43. Rxa5 Rxf3 44. Rb5 e4 45. Kg2 Rc3 46. Rb4 e3 47. Kf3 Kg6 48. Re4 Rxb3 49. h4 Ra3 50. Kf4 h5 51. Kf3 hxg4+ 52. Rxg4+ Kf7 53. Re4 f5 54. Rxe3 Rxe3+ 55. Kxe3 Kf6 56. Kf4 g6 57. Kf3 Ke5 58. Ke3 f4+ 59. Ke2 Ke4 60. Kf2 f3 61. Kf1 Kf5 62. Kf2 Kg4 0-1


[Site "https://www.chess.com"]

[Event "Titled Tuesday Blitz November 01 Late 2022"]
[White "Wieczorek, Oskar"]
[Black "Vovk, Orest"]
[WhiteFideId "1133950"]
[BlackFideId "14113490"]
[WhiteElo "2404"]
[BlackElo "2215"]
[Result "1-0"]
[Round "01"]
[TimeControl "180+1"]
[Date "2022.11.02"]
[WhiteClock "0:02:16"]
[BlackClock "0:01:35"]

1. e4 g5 2. d4 h6 3. Bd3 Bg7 4. Ne2 d5 5. exd5 Qxd5 6. O-O Nc6 7. c4 Qd6 8. d5 Ne5 9. Nbc3 a6 10. Ne4 Qg6 11. Bc2 Nxc4 12. Nd2 Nxd2 13. Bxg6 Nxf1 14. Bc2 Nxh2 15. Kxh2 Nf6 16. Nc3 Bd7 17. Be3 O-O-O 18. Kg1 Ng4 19. Bd4 Bxd4 20. Qxd4 Kb8 21. Re1 e5 22. Qb4 Rhe8 23. d6 Bc6 24. dxc7+ Kxc7 25. Qxg4 1-0


[Site "https://www.chess.com"]

[Event "Titled Tuesday Blitz November 01 Late 2022"]
[White "Winkels, Marcel"]
[Black "Janaszak, Dawid"]
[WhiteFideId "1003887"]
[BlackFideId "1119206"]
[WhiteElo "1900"]
[BlackElo "2226"]
[Result "1-0"]
[Round "01"]
[TimeControl "180+1"]
[Date "2022.11.02"]
[WhiteClock "0:00:02"]
[BlackClock "0:00:52"]

1. d4 Nf6 2. Bg5 d5 3. Nf3 Ne4 4. Bf4 g6 5. Nbd2 Bg7 6. e3 O-O 7. Bd3 Nxd2 8. Qxd2 c5 9. O-O Nc6 10. c3 Bg4 11. Be2 cxd4 12. cxd4 Qb6 13. h3 Bxf3 14. Bxf3 e6 15. Bd6 Rfc8 16. Bc5 Qd8 17. Rac1 b6 18. Ba3 Na5 19. Be2 Qd7 20. b3 h5 21. Ba6 Rd8 22. Qd3 Bf8 23. Bxf8 Kxf8 24. Rc2 Qd6 25. Rfc1 Rd7 26. Bb5 Re7 27. Qc3 Qa3 28. b4 Qxc3 29. Rxc3 Nb7 30. Rc7 Nd6 31. Bd3 Ne8 32. Rc8 Rxc8 33. Rxc8 Kg7 34. Rc6 Rc7 35. Rxc7 Nxc7 36. Kf1 Kf6 37. Ke2 Ke7 38. Kd2 Kd6 39. Kc3 h4 40. b5 g5 41. Kb4 f5 42. Be2 Ne8 43. a4 Ke7 44. a5 Nd6 45. a6 Ne4 46. f3 Nf6 47. Bd3 Kd6 48. Kc3 Nh5 49. Kd2 Ng7 50. Ke2 Ne8 51. Kf2 Ke7 52. e4 Kf6 53. e5+ Kf7 54. Ke3 Ng7 55. Kf2 Nh5 56. Be2 Nf4 57. Bf1 Kg7 58. Ke3 Ng6 59. Kf2 Nf8 60. Ke3 Kg6 61. Kf2 g4 62. fxg4 fxg4 63. hxg4 Kg5 64. Be2 Ng6 65. Kf3 Nf4 66. Bd1 Nd3 67. Be2 Nb4 68. Ke3 Na2 69. Kd2 Kf4 70. Kc2 Ke3 71. g5 Kxd4 72. g6 Nc3 73. g7 Nxe2 74. g8=Q Kxe5 75. Qg7+ Ke4 76. Qf6 Ke3 77. Qxh4 Nf4 78. Qg4 d4 79. Qf3# 1-0


[Site "https://www.chess.com"]

[Event "Titled Tuesday Blitz November 01 Late 2022"]
[White "Winterberg, Lukas"]
[Black "Krzyzanowski, Marcin"]
[WhiteFideId "24622702"]
[BlackFideId "1132199"]
[WhiteElo "2349"]
[BlackElo "2435"]
[Result "1-0"]
[Round "01"]
[TimeControl "180+1"]
[Date "2022.11.02"]
[WhiteClock "0:00:05"]
[BlackClock "0:00:02"]

1. d4 Nf6 2. Nf3 g6 3. c4 Bg7 4. Nc3 d6 5. e4 O-O 6. Be2 e5 7. O-O Bg4 8. dxe5 dxe5 9. Nxe5 Qxd1 10. Bxd1 Bxd1 11. Rxd1 Nxe4 12. Nxg6 Nxc3 13. Ne7+ Kh8 14. bxc3 Na6 15. Bf4 Bxc3 16. Rab1 b6 17. Rd3 Bg7 18. Nf5 Rad8 19. Rbd1 Rxd3 20. Rxd3 Re8 21. g4 Nc5 22. Rd5 Bf6 23. Bxc7 Re4 24. h3 Rxc4 25. Bd8 Bg7 26. Bg5 Ne6 27. Be3 Rc7 28. a4 Bf8 29. Bd4+ Kg8 30. Be5 Rc1+ 31. Kh2 Rc2 32. Kg3 Rc5 33. Ne3 Rxd5 34. Nxd5 Nc5 35. Nf6+ Kg7 36. Nd7+ Kg8 37. Nxc5 Bxc5 38. f4 Kf8 39. Kf3 Ke7 40. Ke4 a6 41. Kd5 Be3 42. f5 b5 43. axb5 axb5 44. Bc3 Kd7 45. Bb4 Bb6 46. h4 Bf2 47. h5 Be3 48. Bc3 Kc7 49. Ke5 Bg5 50. Kd5 Kb6 51. Kd6 Bh4 52. Kd7 Kc5 53. Ke8 f6 54. Kf7 h6 55. Bxf6 Bxf6 56. Kxf6 b4 57. Kg7 b3 58. f6 b2 59. f7 b1=Q 60. f8=Q+ Kc6 61. Qf6+ Kd7 62. Kxh6 Qc1+ 63. Kg7 Qd1 64. Qf5+ Ke7 65. Qf6+ Kd7 66. Qf7+ Kd8 67. g5 Qg4 68. Qf6+ Kc8 69. h6 Qd7+ 70. Qf7 Qd4+ 71. Kg6 Qd6+ 72. Qf6 Qb4 73. h7 Kc7 74. h8=Q Qb1+ 75. Qf5 Qb6+ 76. Qhf6 Qd6 77. Qxd6+ Kb7 78. Kf6 Ka8 79. Qc8+ Ka7 80. Qcb8# 1-0


[Site "https://www.chess.com"]

[Event "Titled Tuesday Blitz November 01 Late 2022"]
[White "Xiong, Jeffery"]
[Black "Lehtosaari, Mauri"]
[WhiteFideId "2047640"]
[BlackFideId "501999"]
[WhiteElo "2725"]
[BlackElo "2504"]
[Result "1-0"]
[Round "01"]
[TimeControl "180+1"]
[Date "2022.11.01"]
[WhiteClock "0:00:09"]
[BlackClock "0:00:04"]

1. e4 c5 2. Nf3 e6 3. g3 Nc6 4. Bg2 Nf6 5. Qe2 e5 6. Na3 Be7 7. Nc4 d6 8. c3 O-O 9. d3 b5 10. Ne3 b4 11. O-O a5 12. Nh4 a4 13. Nhf5 a3 14. cxb4 axb2 15. Bxb2 Nxb4 16. a3 Nc6 17. Rfc1 Be6 18. Bc3 Qd7 19. g4 g6 20. Nxe7+ Qxe7 21. Nd5 Bxd5 22. exd5 Nd4 23. Bxd4 cxd4 24. f4 Nd7 25. Rc6 Rfe8 26. f5 Nc5 27. Be4 Reb8 28. Qf3 Rb2 29. Rxc5 Qh4 30. Rc7 Qxh2+ 31. Kf1 Rab8 32. fxg6 Rb1+ 33. Rc1 Rxc1+ 34. Rxc1 hxg6 35. Re1 Rb2 36. a4 Ra2 37. a5 Rxa5 38. Qg2 Qh4 39. Bf3 Ra3 40. Rd1 Qg5 41. Qf2 Qf4 42. Kg2 Rc3 43. Be2 Qg5 44. Rf1 Rc7 45. Qf6 Qe3 46. Rf2 Ra7 47. Qxd6 e4 48. Qd8+ Kg7 49. Qf6+ Kg8 50. dxe4 d3 51. Qd8+ Kg7 52. Qf6+ Kg8 53. Bf3 d2 54. e5 d1=Q 55. Bxd1 Ra3 56. Bf3 Qxf2+ 57. Kxf2 Ra2+ 58. Kg3 1-0


[Site "https://www.chess.com"]

[Event "Titled Tuesday Blitz November 01 Late 2022"]
[White "Yanchenko, Roman"]
[Black "Herman, Daniel"]
[WhiteFideId "4137329"]
[BlackFideId "30935008"]
[WhiteElo "2514"]
[BlackElo "1897"]
[Result "1-0"]
[Round "01"]
[TimeControl "180+1"]
[Date "2022.11.02"]
[WhiteClock "0:02:12"]
[BlackClock "0:00:19"]

1. d4 g6 2. c4 Bg7 3. Nf3 d6 4. Nc3 Bg4 5. Bf4 Bxf3 6. gxf3 e5 7. dxe5 dxe5 8. Qxd8+ Kxd8 9. O-O-O+ Kc8 10. Be3 c6 11. h4 h5 12. Bh3+ Kc7 13. Bc5 b6 14. Bd6+ Kb7 15. Ne4 Na6 16. Ba3 Bh6+ 17. Kb1 f5 18. Nd6+ Kc7 19. Nf7 Rh7 20. Bd6+ Kb7 21. Nxe5 Ne7 22. Ba3 Nc5 23. Bxc5 bxc5 24. Rd7+ Kb6 25. Nxg6 Re8 26. e3 Rg7 27. Nxe7 Rexe7 28. Rxe7 Rxe7 29. Bxf5 Rg7 30. Rh2 Rg1+ 31. Kc2 Bg7 32. f4 Re1 33. Bd3 Bf6 34. a3 Rg1 35. Be2 Ra1 36. Bxh5 Ra2 37. Bg6 Rxb2+ 38. Kd1 Ra2 39. h5 Rxa3 40. h6 Rc3 41. h7 Bh8 42. Bf7 a5 43. Rg2 a4 44. Rg8 Bf6 45. h8=Q Bxh8 46. Rxh8 a3 47. Ra8 1-0


[Site "https://www.chess.com"]

[Event "Titled Tuesday Blitz November 01 Late 2022"]
[White "Yi, Richard"]
[Black "Mickiewicz, Piotr"]
[WhiteFideId "2079518"]
[BlackFideId "1114891"]
[WhiteElo "2147"]
[BlackElo "2246"]
[Result "1-0"]
[Round "01"]
[TimeControl "180+1"]
[Date "2022.11.02"]
[WhiteClock "0:01:29"]
[BlackClock "0:00:05"]

1. d4 Nf6 2. c4 g6 3. Nc3 Bg7 4. e4 d6 5. h3 O-O 6. Nf3 e5 7. d5 a5 8. g4 Na6 9. Be3 c6 10. Bg2 h5 11. g5 Nh7 12. Qd2 f5 13. gxf6 Bxf6 14. O-O-O c5 15. Rdg1 Kh8 16. Bf1 Rg8 17. Be2 Bd7 18. Ng5 Nxg5 19. Bxg5 Bxg5 20. Rxg5 Qf6 21. Rhg1 Qf4 22. Qxf4 exf4 23. Rxg6 Rxg6 24. Rxg6 Bxh3 25. Rxd6 Bg4 26. f3 Bh3 27. Rh6+ Kg7 28. Rxh5 Bd7 29. e5 Be8 30. Rf5 Bg6 31. Rxf4 Rh8 32. e6 Rh1+ 33. Kd2 Rh2 34. d6 a4 35. d7 1-0


[Site "https://www.chess.com"]

[Event "Titled Tuesday Blitz November 01 Late 2022"]
[White "Young, Ryan"]
[Black "Iliaguev, Nisim"]
[WhiteFideId "2049945"]
[BlackFideId "2817276"]
[WhiteElo "2406"]
[BlackElo "2264"]
[Result "0-1"]
[Round "01"]
[TimeControl "180+1"]
[Date "2022.11.02"]
[WhiteClock "0:00:02"]
[BlackClock "0:01:00"]

1. e4 c6 2. d4 d5 3. exd5 cxd5 4. Bd3 Nf6 5. h3 Nc6 6. c3 Qc7 7. Nf3 e6 8. O-O Bd6 9. Re1 O-O 10. Nbd2 b6 11. Nf1 h6 12. Be3 a5 13. Qd2 Ba6 14. Bc2 Ne4 15. Qd1 f5 16. a4 Rae8 17. N1h2 g5 18. Nf1 Qg7 19. Bd3 Bxd3 20. Qxd3 g4 21. hxg4 fxg4 22. N3d2 Ng5 23. Bxg5 Qxg5 24. Qb5 g3 25. fxg3 Nd8 26. Qxb6 Bxg3 27. Re2 Bf4 28. Rae1 Rf7 29. Qxa5 h5 30. Nf3 Qg7 31. Qb5 Ref8 32. Qd3 Bb8 33. a5 Rxf3 34. b4 Rxd3 0-1


[Site "https://www.chess.com"]

[Event "Titled Tuesday Blitz November 01 Late 2022"]
[White "Yuan, Qingyu"]
[Black "Veleshnja, Zino"]
[WhiteFideId "8609772"]
[BlackFideId "4701313"]
[WhiteElo "2359"]
[BlackElo "2167"]
[Result "0-1"]
[Round "01"]
[TimeControl "180+1"]
[Date "2022.11.02"]
[WhiteClock "0:00:02"]
[BlackClock "0:00:30"]

1. e4 c5 2. Nf3 d6 3. Bb5+ Bd7 4. c4 Nf6 5. Nc3 Nc6 6. O-O g6 7. Bxc6 Bxc6 8. d4 cxd4 9. Nxd4 Bg7 10. Qd3 O-O 11. h3 Nd7 12. Be3 Nc5 13. Qc2 a5 14. Rac1 Rc8 15. Rfd1 Qc7 16. b3 Ne6 17. Ndb5 Qb8 18. Bb6 Nf4 19. Qd2 Be5 20. Be3 g5 21. h4 h6 22. g3 Nh3+ 23. Kg2 g4 24. Bxh6 f5 25. Nd5 Bxd5 26. Qxd5+ Kh7 27. Bxf8 Rxf8 28. f3 Qc8 29. Rf1 e6 30. Qd3 Rg8 31. exf5 gxf3+ 32. Rxf3 Nf4+ 33. Rxf4 Bxf4 34. fxe6+ Kh8 35. Re1 Qc6+ 36. Qd5 Rxg3+ 37. Kf2 Qb6+ 38. Nd4 Rg8 39. Qh5+ Kg7 40. Rg1+ Kf6 41. Qf7+ Ke5 42. Rxg8 Qxd4+ 43. Kg2 Qe4+ 44. Kf2 Qe3+ 45. Kg2 Qe2+ 46. Kh1 Qf1+ 47. Rg1 Qh3# 0-1


[Site "https://www.chess.com"]

[Event "Titled Tuesday Blitz November 01 Late 2022"]
[White "Zakhartsov, Vladimir"]
[Black "Malka, Samuel"]
[WhiteFideId "4145097"]
[BlackFideId "20643675"]
[WhiteElo "2492"]
[BlackElo "2462"]
[Result "1-0"]
[Round "01"]
[TimeControl "180+1"]
[Date "2022.11.02"]
[WhiteClock "0:00:16"]
[BlackClock "0:00:02"]

1. d4 Nf6 2. c4 g6 3. Nc3 Bg7 4. e4 d6 5. h3 e5 6. d5 a5 7. g4 h5 8. g5 Nh7 9. Nf3 f6 10. gxf6 Bxf6 11. Rg1 g5 12. Be3 g4 13. Nd2 Na6 14. hxg4 Bxg4 15. Be2 Bxe2 16. Qxe2 Nf8 17. O-O-O Qe7 18. Rh1 h4 19. Nb3 b6 20. Kb1 Nd7 21. Nb5 Ndc5 22. Nxc5 Nxc5 23. Bxc5 bxc5 24. Rdg1 Kf7 25. Rf1 Bg5 26. Qg4 Bf4 27. Qf5+ Qf6 28. Qd7+ Qe7 29. Qf5+ Qf6 30. Qd7+ Qe7 31. Qc6 Rag8 32. Rh3 Rg2 33. a4 Rhg8 34. Ka2 Rg1 35. Rxg1 Rxg1 36. Nxc7 Rg2 37. Ne6 Rxf2 38. Qc8 Bc1 39. Rb3 Rxb2+ 40. Rxb2 Bxb2 41. Kxb2 h3 42. Qh8 1-0


[Site "https://www.chess.com"]

[Event "Titled Tuesday Blitz November 01 Late 2022"]
[White "Zanette, Edgard Vinicius"]
[Black "Rosen, Eric"]
[WhiteFideId "2109263"]
[BlackFideId "2032562"]
[WhiteElo "2236"]
[BlackElo "2362"]
[Result "0-1"]
[Round "01"]
[TimeControl "180+1"]
[Date "2022.11.02"]
[WhiteClock "0:00:07"]
[BlackClock "0:00:08"]

1. e4 c5 2. Nc3 e6 3. f4 a6 4. Nf3 Nc6 5. d3 b5 6. Be3 d5 7. exd5 exd5 8. d4 c4 9. Ne5 Nxe5 10. dxe5 Bb4 11. Qd2 Ne7 12. a3 Ba5 13. Bc5 Nf5 14. Rd1 Be6 15. Be2 Rc8 16. Bd4 O-O 17. Bf3 Nxd4 18. Qxd4 Bb6 19. Qd2 d4 20. Ne4 Ba5 21. c3 d3 22. O-O Bb6+ 23. Kh1 h6 24. Nd6 Rc7 25. f5 Bd7 26. Rde1 Bc6 27. Bxc6 Rxc6 28. Qf4 Bc7 29. Ne4 Re8 30. Ng3 Qd5 31. f6 Rxe5 32. Qg4 Rxf6 33. Rxf6 Rxe1+ 34. Rf1 Bxg3 35. Rxe1 Bxe1 36. Qc8+ Kh7 37. Qg4 d2 38. Qd1 Qe4 39. h4 Qxh4+ 40. Kg1 Qf2+ 41. Kh2 f5 42. Qc2 Qf4+ 43. Kh1 Bg3 44. Qd1 Qe3 45. Qh5 Qe1# 0-1


[Site "https://www.chess.com"]

[Event "Titled Tuesday Blitz November 01 Late 2022"]
[White "Golubova, Anna"]
[Black "Vargas, Mauricio"]
[WhiteFideId "24173606"]
[BlackFideId "4404572"]
[WhiteElo "2047"]
[BlackElo "2025"]
[Result "1-0"]
[Round "02"]
[TimeControl "180+1"]
[Date "2022.11.02"]
[WhiteClock "0:01:15"]
[BlackClock "0:00:06"]

1. Nf3 Nc6 2. g3 e5 3. d3 f5 4. Bg2 Nf6 5. O-O h6 6. c4 g5 7. Nc3 Bg7 8. d4 e4 9. Ne5 O-O 10. e3 Nxe5 11. dxe5 Ng4 12. Nxe4 Nxe5 13. Nc5 c6 14. Qc2 d6 15. Nd3 Ng4 16. Bd2 Qe8 17. Bc3 Qh5 18. h3 Nf6 19. Qd1 Qg6 20. c5 dxc5 21. Nxc5 f4 22. Qb3+ Kh8 23. Ne6 Bxe6 24. Qxe6 fxg3 25. fxg3 Rae8 26. Qd6 Rd8 27. Qc7 Qd3 28. Bd4 Rc8 29. Qxb7 c5 30. Rad1 Qe2 31. Bxf6 Qxe3+ 32. Kh2 Bxf6 33. Rxf6 1-0


[Site "https://www.chess.com"]

[Event "Titled Tuesday Blitz November 01 Late 2022"]
[White "Aghasiyev, Kamal"]
[Black "Rasulov, Vugar"]
[WhiteFideId "13402854"]
[BlackFideId "13402390"]
[WhiteElo "2341"]
[BlackElo "2509"]
[Result "0-1"]
[Round "02"]
[TimeControl "180+1"]
[Date "2022.11.01"]
[WhiteClock "0:00:02"]
[BlackClock "0:00:46"]

1. d4 Nf6 2. c4 e6 3. Nf3 Bb4+ 4. Bd2 Bxd2+ 5. Nbxd2 O-O 6. g3 d6 7. Bg2 Nc6 8. O-O e5 9. d5 Ne7 10. Qc2 Ng4 11. Rac1 b6 12. b4 a5 13. a3 axb4 14. axb4 f5 15. c5 Nf6 16. Qb3 Kh8 17. e4 fxe4 18. Ng5 Nf5 19. Ne6 Bxe6 20. dxe6 Nd4 21. Qe3 d5 22. h3 Nxe6 23. cxb6 cxb6 24. Rc6 Nd4 25. Rcc1 Qd6 26. Rb1 Ra4 27. b5 Ra3 28. Qg5 Rd3 29. Rb2 Rc8 30. Kh2 h6 31. Qg6 Qe6 32. Ra1 Qf5 33. Qxf5 Nxf5 34. Ra6 Rb8 35. Nf1 d4 36. Rc2 e3 37. fxe3 Nxe3 38. Nxe3 dxe3 39. Ra7 Rd2 40. Rc1 e2 41. Re1 Rbd8 42. Re7 Re8 43. Rxe8+ Nxe8 44. Bf3 Nd6 45. Rxe2 Rxe2+ 46. Bxe2 g5 47. Kg2 Kg7 48. Kf3 Kf6 49. Ke3 Ke6 50. h4 Kd5 51. hxg5 hxg5 52. Kf3 Kc5 53. Kg4 Nxb5 54. Kxg5 Nc3 55. Bf1 b5 56. Kf5 Kd4 57. g4 b4 0-1


[Site "https://www.chess.com"]

[Event "Titled Tuesday Blitz November 01 Late 2022"]
[White "Aguilar, Juan"]
[Black "Savic, Miroslav"]
[WhiteFideId "3800091"]
[BlackFideId "14508494"]
[WhiteElo "2429"]
[BlackElo "2209"]
[Result "1-0"]
[Round "02"]
[TimeControl "180+1"]
[Date "2022.11.02"]
[WhiteClock "0:00:04"]
[BlackClock "0:00:01"]

1. d4 Nf6 2. c4 e6 3. Nf3 Bb4+ 4. Nbd2 a5 5. g3 b6 6. Bg2 Bb7 7. O-O Bxd2 8. Bxd2 O-O 9. Bg5 d6 10. Rc1 Nbd7 11. Re1 h6 12. Bf4 Ne4 13. Nd2 f5 14. Nxe4 fxe4 15. Qc2 Nf6 16. f3 exf3 17. exf3 Qd7 18. Bh3 Rae8 19. d5 Nh5 20. Bxe6+ Rxe6 21. dxe6 Qc6 22. Qe4 Qxe4 23. fxe4 Nxf4 24. gxf4 Rxf4 25. e7 Kf7 26. Rf1 Rxf1+ 27. Rxf1+ Kxe7 28. Re1 Ke6 29. Kf2 Ke5 30. Ke3 g5 31. Kd3 g4 32. Rf1 Bxe4+ 33. Ke3 Bf5 34. Rd1 c6 35. a3 Be6 36. Rd4 h5 37. Re4+ Kf5 38. Rf4+ Ke5 39. b3 Bf5 40. b4 axb4 41. axb4 c5 42. bxc5 bxc5 43. Rf2 Be6 44. Rc2 h4 45. Rc3 Bf5 46. Rc1 Be4 47. Rg1 Bf5 48. Rd1 Be6 49. Rg1 g3 50. hxg3 hxg3 51. Rxg3 Bxc4 52. Rg5+ Ke6 53. Rg6+ Kd5 54. Rg5+ Kc6 55. Rg6 Bf7 56. Rf6 Be8 57. Ke4 Bd7 58. Rh6 Bg4 59. Rg6 Bd1 60. Rf6 Bb3 61. Kd3 Bd5 62. Rh6 Kd7 63. Rh7+ Kc6 64. Ra7 Kb6 65. Rd7 Kc6 66. Rd8 Be6 67. Re8 Bd7 68. Re7 d5 69. Rh7 Kd6 70. Ke3 Be6 71. Rh6 Ke5 72. Rh8 d4+ 73. Kd3 Bf5+ 74. Kc4 d3 75. Rd8 Be6+ 76. Kxd3 1-0


[Site "https://www.chess.com"]